AoeStats
← FutureEwe5582

African Clearing

510568278Analyzed
4v4 RM · 2d ago on Oct 1, 2026· 19m 43s· 8 players
Game mode
Random Map
Map size
Large (8 player)
Population
200
Speed
Normal
Resources
Standard
Victory
Conquest
Starting age
Dark Age
Ending age
Imperial Age
RankedLock teamsTeams togetherTeam positionsShared explorationLock speedFull tech treeHidden civsTurbo modeCheats
Victory
Defeat
🇹🇷 Chinese · Türkiye
1752
+13
🇹🇷 Koreans · Türkiye
1720
+15
🇹🇷 Berbers · Türkiye
1689
+16
🇹🇷 Varangians · Türkiye
1665
+17
1713
-16
🇦🇷 Japanese · Argentina
1699
-16
🇷🇺 Jurchens · Russia
1674
-15
🇨🇱 Spanish · Chile
1669
-14
SMY
6:10 Loom
14:32 Feudal Age
[CL] ElPali
11:39 Feudal Age
10:42 Loom
16:02 Castle Age
14:17 Stone Mining
14:50 Double-Bit Axe
Augustus Bombastus von Hohenheim
11:33 Loom
13:58 Feudal Age
17:40 Castle Age
16:04 Double-Bit Axe
16:49 Fletching
18:25 Bodkin Arrow
FutureEwe5582
10:25 Loom
13:14 Feudal Age
17:11 Castle Age
16:34 Double-Bit Axe
16:30 Horse Collar
18:05 Fletching
19:54 Wheelbarrow
FeelMySpike
8:43 Loom
11:39 Feudal Age
12:14 Double-Bit Axe
16:16 Bloodlines
19:22 Scale Barding Armor
Edelreiss
3:36 Loom
11:52 Feudal Age
12:52 Double-Bit Axe
14:43 Fletching
16:59 Horse Collar
22:12 Castle Age
Theos
10:42 Loom
15:49 Feudal Age
19:59 Castle Age
18:02 Fishing Lines
18:25 Double-Bit Axe
20:11 Fletching
lalalalala
12:54 Feudal Age
14:26 Loom
17:05 Castle Age
15:16 Double-Bit Axe
18:25 Bow Saw
Connection lost

Rejoining the realm…

Still unreachable

The connection could not be restored.

Session expired

The server has moved on; the page needs a fresh start.